[ AOE2 MATCH · #486925546 ]
UnrankedSpanish vs Byzantines
[ REPLAY ANALYSIS · EXTRACTED FROM THE RECORDED GAME ]
Feudal
10:32
Castle
26:56
Imperial
34:16
| APM avg | 17.5 |
| APM peak | 41 |
| eAPM avg | 11.3 |
| Villagers / military | 99 / 29 |
Focus
⚔️ 17.8% · 🌾 82.2%
Conquistador ×16 · Scout Cavalry ×9 · Trebuchet (Packed) ×3 · Monk ×1
Feudal
10:52
Castle
22:52
Imperial
—
| APM avg | 15.4 |
| APM peak | 49 |
| eAPM avg | 9.6 |
| Villagers / military | 53 / 45 |
Focus
⚔️ 22.1% · 🌾 77.9%
Spearman ×20 · Scout Cavalry ×20 · Cataphract ×5
Feudal
13:53
Castle
23:27
Imperial
39:23
| APM avg | 27.9 |
| APM peak | 97 |
| eAPM avg | 9.2 |
| Villagers / military | 81 / 62 |
Focus
⚔️ 23.7% · 🌾 76.3%
Knight ×31 · Berserk ×12 · Scout Cavalry ×9 · Battering Ram ×6 · Monk ×3 · Trebuchet (Packed) ×1
Feudal
10:56
Castle
19:09
Imperial
—
| APM avg | 11.9 |
| APM peak | 28 |
| eAPM avg | 8.4 |
| Villagers / military | 97 / 62 |
Focus
⚔️ 24.8% · 🌾 75.2%
Scout Cavalry ×38 · Spearman ×19 · War Elephant ×5
Match map
Initial resources + every placement click. Lines = walls · curves = elevation contours. ◆ gold · ⬟ stone · ● berries · ✦ relic · ◌ wall gap
Your base· Open — unwalled flank
juanborekquirozk's base· Open — unwalled flank
NDF's base· Open — unwalled flank
quirozzolezzi's base· Open — unwalled flank
Smoothed initial terrain · ◌ = detected wall gap · hover for details
Inputs per minute
— estebanpa - - juanborekquirozk
Build order — estebanpa
First 150 of 244 actions detected
| 0:02 | Create | Villager (Male) |
| 0:02 | Create | Villager (Male) |
| 0:03 | Build | House |
| 0:05 | Build | House |
| 0:16 | Create | Villager (Male) |
| 0:25 | Create | Villager (Male) |
| 0:25 | Create | Villager (Male) |
| 1:37 | Create | Villager (Male) |
| 2:03 | Create | Villager (Male) |
| 2:04 | Create | Villager (Male) |
| 2:33 | Build | Lumber Camp |
| 2:48 | Create | Villager (Male) |
| 3:07 | Create | Villager (Male) |
| 3:08 | Create | Villager (Male) |
| 3:19 | Build | House |
| 3:22 | Build | House |
| 3:26 | Create | Villager (Male) |
| 3:53 | Create | Villager (Male) |
| 4:18 | Create | Villager (Male) |
| 5:00 | Create | Villager (Male) |
| 5:01 | Create | Villager (Male) |
| 5:15 | Build | Mill |
| 5:52 | Create | Villager (Male) |
| 5:53 | Create | Villager (Male) |
| 6:06 | Create | Villager (Male) |
| 6:10 | Create | Villager (Male) |
| 6:43 | Create | Villager (Male) |
| 7:10 | Create | Villager (Male) |
| 7:22 | Build | House |
| 7:42 | Build | Mill |
| 8:20 | Research | Feudal Age |
| 8:22 | Research | Loom |
| 8:58 | Build | Barracks |
| 9:17 | Build | Mining Camp |
| 9:23 | Create | Villager (Male) |
| 10:32 | Age | Feudal Age |
| 10:47 | Build | Blacksmith |
| 11:12 | Build | Stable |
| 11:33 | Create | Villager (Male) |
| 11:34 | Create | Villager (Male) |
| 11:57 | Build | House |
| 11:59 | Build | House |
| 12:09 | Create | Villager (Male) |
| 12:28 | Research | Bloodlines |
| 12:34 | Research | Scale Barding Armor |
| 12:39 | Build | Farm |
| 12:40 | Build | Farm |
| 12:40 | Build | Farm |
| 12:40 | Build | Farm |
| 12:40 | Build | Farm |
| 12:57 | Create | Scout Cavalry |
| 13:11 | Create | Villager (Male) |
| 13:11 | Create | Villager (Male) |
| 13:11 | Create | Villager (Male) |
| 13:25 | Create | Villager (Male) |
| 13:47 | Create | Villager (Male) |
| 13:50 | Build | Farm |
| 13:50 | Build | Farm |
| 13:51 | Build | Farm |
| 13:51 | Build | Farm |
| 14:05 | Create | Villager (Male) |
| 14:09 | Research | Double-Bit Axe |
| 14:27 | Create | Villager (Male) |
| 14:32 | Build | Farm |
| 14:32 | Build | Farm |
| 14:32 | Build | Farm |
| 14:36 | Create | Villager (Male) |
| 15:05 | Create | Scout Cavalry |
| 15:19 | Create | Scout Cavalry |
| 15:22 | Create | Villager (Male) |
| 15:41 | Build | Farm |
| 15:41 | Build | Farm |
| 15:41 | Build | Farm |
| 15:41 | Build | Farm |
| 15:42 | Build | Farm |
| 15:42 | Build | Farm |
| 15:42 | Build | Farm |
| 15:46 | Create | Villager (Male) |
| 15:46 | Create | Villager (Male) |
| 16:00 | Build | House |
| 16:02 | Build | House |
| 16:05 | Build | House |
| 16:07 | Build | House |
| 16:16 | Create | Villager (Male) |
| 16:29 | Create | Villager (Male) |
| 16:43 | Build | Farm |
| 16:48 | Build | Farm |
| 16:49 | Build | Farm |
| 16:51 | Build | Farm |
| 16:59 | Create | Villager (Male) |
| 17:06 | Build | Farm |
| 17:10 | Build | Farm |
| 17:12 | Build | Farm |
| 17:41 | Create | Villager (Male) |
| 17:46 | Create | Scout Cavalry |
| 17:53 | Create | Scout Cavalry |
| 18:03 | Create | Villager (Male) |
| 18:17 | Build | Farm |
| 18:18 | Build | Farm |
| 18:20 | Build | Farm |
| 18:22 | Create | Villager (Male) |
| 18:38 | Create | Scout Cavalry |
| 18:47 | Create | Villager (Male) |
| 18:51 | Build | Farm |
| 18:53 | Build | Farm |
| 18:55 | Build | Farm |
| 18:58 | Create | Villager (Male) |
| 19:04 | Create | Scout Cavalry |
| 19:12 | Create | Villager (Male) |
| 19:42 | Build | Farm |
| 19:42 | Build | Farm |
| 19:43 | Build | Farm |
| 19:43 | Build | Farm |
| 19:43 | Build | Farm |
| 19:44 | Build | Farm |
| 19:44 | Build | Farm |
| 19:47 | Create | Villager (Male) |
| 19:48 | Create | Villager (Male) |
| 19:53 | Create | Scout Cavalry |
| 19:53 | Create | Scout Cavalry |
| 20:14 | Build | Mining Camp |
| 20:17 | Research | Stone Mining |
| 20:20 | Create | Villager (Male) |
| 20:20 | Create | Villager (Male) |
| 20:21 | Create | Villager (Male) |
| 20:24 | Research | Horse Collar |
| 20:37 | Create | Villager (Male) |
| 20:37 | Create | Villager (Male) |
| 20:38 | Create | Villager (Male) |
| 22:36 | Research | Castle Age |
| 22:43 | Build | Farm |
| 22:43 | Build | Farm |
| 22:44 | Build | Farm |
| 23:55 | Research | Gold Mining |
| 24:16 | Research | Castle Age |
| 24:21 | Research | Wheelbarrow |
| 25:05 | Build | House |
| 25:06 | Build | House |
| 25:08 | Build | House |
| 25:10 | Build | House |
| 25:12 | Build | House |
| 25:14 | Build | House |
| 26:40 | Create | Villager (Male) |
| 26:56 | Age | Castle Age |
| 27:27 | Research | Chain Barding Armor |
| 27:41 | Create | Villager (Male) |
| 27:41 | Create | Villager (Male) |
| 27:42 | Create | Villager (Male) |
| 28:38 | Build | Castle |
| 28:52 | Create | Villager (Male) |
Build order — juanborekquirozk
First 150 of 170 actions detected
| 0:07 | Build | House |
| 0:09 | Build | House |
| 0:12 | Create | Villager (Male) ×4 |
| 1:46 | Create | Villager (Male) |
| 2:02 | Build | Lumber Camp |
| 2:34 | Create | Villager (Male) |
| 2:34 | Create | Villager (Male) |
| 3:04 | Create | Villager (Male) |
| 3:50 | Create | Villager (Male) |
| 3:50 | Create | Villager (Male) |
| 4:37 | Create | Villager (Male) |
| 4:45 | Build | House |
| 5:18 | Build | Mill |
| 5:42 | Create | Villager (Male) |
| 5:42 | Create | Villager (Male) |
| 5:43 | Create | Villager (Male) |
| 6:11 | Build | Lumber Camp |
| 7:01 | Create | Villager (Male) |
| 7:01 | Create | Villager (Male) |
| 7:01 | Create | Villager (Male) |
| 7:02 | Create | Villager (Male) |
| 7:20 | Build | House |
| 8:05 | Research | Loom |
| 8:42 | Research | Feudal Age |
| 9:14 | Build | Barracks |
| 9:29 | Build | House |
| 10:46 | Create | Villager (Male) |
| 10:46 | Create | Villager (Male) |
| 10:52 | Age | Feudal Age |
| 10:56 | Research | Horse Collar |
| 11:00 | Research | Double-Bit Axe |
| 11:20 | Build | Farm |
| 11:20 | Build | Farm |
| 11:21 | Build | Farm |
| 11:21 | Build | Farm |
| 11:21 | Build | Farm |
| 11:22 | Build | Farm |
| 11:22 | Build | Farm |
| 11:22 | Build | Farm |
| 11:53 | Build | Mining Camp |
| 11:55 | Create | Villager (Male) |
| 11:56 | Create | Villager (Male) |
| 13:05 | Create | Villager (Male) |
| 13:09 | Research | Wheelbarrow |
| 13:22 | Build | House |
| 13:30 | Build | Blacksmith |
| 13:42 | Build | Stable |
| 14:11 | Build | Mining Camp |
| 14:15 | Create | Villager (Male) |
| 14:21 | Research | Stone Mining |
| 14:51 | Create | Villager (Male) |
| 15:21 | Build | Archery Range |
| 16:02 | Create | Villager (Male) |
| 16:03 | Create | Villager (Male) |
| 16:22 | Build | Stable |
| 16:27 | Build | Palisade Wall |
| 16:39 | Research | Forging |
| 16:42 | Research | Scale Barding Armor |
| 17:11 | Build | House |
| 17:14 | Create | Villager (Male) |
| 17:14 | Create | Villager (Male) |
| 17:30 | Build | House |
| 17:38 | Build | House |
| 17:41 | Build | House |
| 18:12 | Build | House |
| 18:13 | Build | House |
| 18:24 | Build | Palisade Wall |
| 18:32 | Build | Farm |
| 18:32 | Build | Farm |
| 18:32 | Build | Farm |
| 18:33 | Build | Farm |
| 18:37 | Create | Villager (Male) |
| 18:37 | Create | Villager (Male) |
| 18:59 | Research | Gold Mining |
| 19:18 | Build | House |
| 19:20 | Build | House |
| 19:32 | Build | Palisade Wall |
| 19:42 | Build | House |
| 19:43 | Build | House |
| 19:49 | Build | Palisade Wall |
| 20:03 | Build | House |
| 20:12 | Research | Castle Age |
| 20:17 | Create | Villager (Male) |
| 20:17 | Create | Villager (Male) |
| 21:24 | Create | Spearman ×5 |
| 21:35 | Create | Villager (Male) |
| 22:26 | Create | Spearman |
| 22:26 | Create | Spearman |
| 22:52 | Age | Castle Age |
| 22:56 | Research | Scale Mail Armor |
| 22:58 | Research | Iron Casting |
| 23:06 | Build | Castle |
| 23:36 | Build | Farm |
| 23:36 | Build | Farm |
| 23:38 | Build | Farm |
| 23:59 | Build | Farm |
| 24:02 | Create | Villager (Male) |
| 24:24 | Create | Villager (Male) |
| 24:24 | Create | Villager (Male) |
| 24:25 | Create | Villager (Male) |
| 24:32 | Build | Farm |
| 24:47 | Build | Town Center |
| 24:54 | Research | Bow Saw |
| 25:06 | Build | Farm |
| 25:11 | Build | Farm |
| 25:14 | Build | Farm |
| 25:23 | Create | Villager (Male) |
| 25:56 | Build | Farm |
| 26:22 | Build | Town Center |
| 26:40 | Create | Villager (Male) |
| 26:40 | Create | Villager (Male) |
| 26:40 | Create | Villager (Male) |
| 26:40 | Create | Villager (Male) |
| 26:47 | Build | Farm |
| 26:48 | Build | Farm |
| 26:48 | Build | Farm |
| 28:13 | Create | Cataphract ×5 |
| 28:59 | Create | Villager (Male) |
| 28:59 | Create | Villager (Male) |
| 29:00 | Create | Villager (Male) |
| 29:00 | Create | Villager (Male) |
| 29:00 | Create | Villager (Male) |
| 29:00 | Create | Villager (Male) |
| 29:48 | Build | Castle |
| 30:12 | Build | Stable |
| 30:14 | Build | Stable |
| 30:18 | Build | Stable |
| 30:20 | Build | Stable |
| 30:35 | Build | Barracks |
| 30:40 | Build | House |
| 30:42 | Build | House |
| 30:45 | Build | House |
| 30:47 | Build | House |
| 30:54 | Build | House |
| 30:57 | Build | House |
| 30:58 | Build | House |
| 31:01 | Build | House |
| 31:03 | Build | House |
| 31:47 | Research | Pikeman (upgrade) |
| 31:56 | Research | Squires |
| 32:03 | Create | Spearman |
| 32:03 | Create | Spearman |
| 32:03 | Create | Spearman |
| 32:51 | Build | Lumber Camp |
| 33:10 | Create | Spearman |
| 33:11 | Create | Spearman |
| 33:11 | Create | Spearman |
| 33:11 | Create | Spearman |
| 33:24 | Create | Spearman |
| 33:25 | Create | Spearman |
Build order — NDF
First 150 of 249 actions detected
| 0:09 | Build | House |
| 0:10 | Build | House |
| 0:16 | Create | Villager (Male) |
| 0:16 | Create | Villager (Male) |
| 0:16 | Create | Villager (Male) |
| 0:16 | Create | Villager (Male) |
| 0:17 | Create | Villager (Male) |
| 1:47 | Build | Mill |
| 1:50 | Create | Villager (Male) |
| 2:15 | Create | Villager (Male) |
| 2:50 | Create | Villager (Male) |
| 3:18 | Create | Villager (Male) |
| 3:24 | Build | House |
| 3:56 | Create | Villager (Male) |
| 3:58 | Create | Villager (Male) |
| 4:27 | Create | Villager (Male) |
| 4:56 | Create | Villager (Male) |
| 5:26 | Create | Villager (Male) |
| 5:57 | Create | Villager (Male) |
| 6:21 | Create | Villager (Male) |
| 6:35 | Build | Mill |
| 6:43 | Build | Lumber Camp |
| 6:54 | Build | House |
| 6:56 | Create | Villager (Male) |
| 7:38 | Create | Villager (Male) |
| 7:46 | Create | Villager (Male) |
| 7:51 | Build | Mining Camp |
| 8:07 | Create | Villager (Male) |
| 8:40 | Research | Loom |
| 8:49 | Build | House |
| 9:19 | Create | Villager (Male) |
| 9:23 | Create | Villager (Male) |
| 9:36 | Create | Villager (Male) |
| 9:52 | Create | Villager (Male) |
| 10:03 | Build | Mining Camp |
| 11:14 | Create | Villager (Male) |
| 11:28 | Build | House |
| 11:43 | Research | Feudal Age |
| 13:47 | Build | Barracks |
| 13:53 | Age | Feudal Age |
| 13:53 | Create | Villager (Male) |
| 13:56 | Create | Villager (Male) |
| 14:29 | Build | Market |
| 14:41 | Build | Blacksmith |
| 14:48 | Build | Stable |
| 14:52 | Create | Villager (Male) |
| 14:53 | Create | Villager (Male) |
| 15:19 | Build | Farm |
| 15:21 | Build | Farm |
| 15:25 | Build | Farm |
| 15:28 | Build | Farm |
| 15:52 | Build | Farm |
| 15:58 | Create | Villager (Male) |
| 16:08 | Create | Scout Cavalry |
| 16:09 | Create | Scout Cavalry |
| 16:27 | Build | Farm |
| 16:29 | Create | Villager (Male) |
| 16:48 | Create | Villager (Male) |
| 16:52 | Create | Villager (Male) |
| 17:02 | Build | House |
| 17:37 | Create | Scout Cavalry |
| 17:50 | Create | Villager (Male) |
| 17:54 | Build | House |
| 18:02 | Build | House |
| 18:04 | Build | House |
| 18:11 | Create | Scout Cavalry |
| 18:19 | Build | Farm |
| 18:21 | Build | Farm |
| 18:28 | Build | Farm |
| 18:33 | Build | Farm |
| 18:39 | Build | Farm |
| 18:44 | Create | Villager (Male) |
| 18:48 | Build | Farm |
| 18:53 | Build | Farm |
| 19:21 | Create | Scout Cavalry |
| 19:28 | Build | Farm |
| 19:32 | Create | Villager (Male) |
| 19:33 | Create | Villager (Male) |
| 19:40 | Build | Farm |
| 20:04 | Create | Villager (Male) |
| 20:25 | Research | Castle Age |
| 21:22 | Build | Stable |
| 21:25 | Create | Scout Cavalry |
| 21:26 | Create | Scout Cavalry |
| 21:32 | Research | Double-Bit Axe |
| 21:36 | Research | Horse Collar |
| 21:41 | Research | Gold Mining |
| 23:02 | Create | Villager (Male) |
| 23:15 | Create | Villager (Male) |
| 23:19 | Research | Stone Mining |
| 23:23 | Create | Scout Cavalry |
| 23:26 | Create | Scout Cavalry |
| 23:27 | Age | Castle Age |
| 23:58 | Create | Knight |
| 24:02 | Create | Villager (Male) |
| 24:14 | Build | Stable |
| 24:19 | Create | Knight |
| 24:28 | Create | Villager (Male) |
| 24:28 | Create | Villager (Male) |
| 24:44 | Build | Town Center |
| 24:54 | Build | Mining Camp |
| 24:57 | Create | Villager (Male) |
| 25:04 | Create | Knight |
| 25:18 | Create | Villager (Male) |
| 25:18 | Create | Villager (Male) |
| 25:29 | Create | Knight |
| 25:32 | Create | Knight |
| 25:43 | Build | House |
| 25:44 | Build | House |
| 25:45 | Build | House |
| 25:47 | Build | House |
| 25:49 | Build | House |
| 25:59 | Create | Knight |
| 26:23 | Build | Castle |
| 26:33 | Create | Villager (Male) |
| 26:40 | Create | Villager (Male) |
| 26:56 | Create | Knight |
| 27:03 | Create | Knight |
| 27:13 | Create | Villager (Male) |
| 27:20 | Research | Heavy Plow |
| 27:28 | Research | Scale Barding Armor |
| 27:50 | Build | Lumber Camp |
| 28:03 | Build | Monastery |
| 28:04 | Create | Villager (Male) |
| 28:05 | Create | Villager (Male) |
| 28:46 | Create | Berserk |
| 28:46 | Create | Berserk |
| 28:54 | Create | Knight |
| 28:55 | Create | Knight |
| 28:59 | Create | Berserk |
| 29:06 | Build | Farm |
| 29:14 | Build | Farm |
| 29:29 | Research | Bow Saw |
| 29:41 | Create | Villager (Male) |
| 29:41 | Create | Villager (Male) |
| 29:54 | Create | Knight |
| 29:59 | Create | Knight |
| 30:04 | Create | Knight |
| 30:04 | Create | Knight |
| 30:45 | Create | Knight |
| 30:54 | Create | Villager (Male) |
| 30:55 | Create | Villager (Male) |
| 30:57 | Research | Town Watch |
| 31:01 | Create | Villager (Male) |
| 31:02 | Create | Villager (Male) |
| 31:12 | Research | Chain Barding Armor |
| 31:14 | Research | Forging |
| 31:29 | Build | Siege Workshop |
| 31:44 | Create | Berserk |
| 31:44 | Create | Berserk |
Build order — quirozzolezzi
First 150 of 243 actions detected
| 0:11 | Create | Villager (Male) |
| 0:12 | Create | Villager (Male) |
| 0:12 | Create | Villager (Male) |
| 0:41 | Build | House |
| 1:20 | Build | House |
| 1:54 | Build | House |
| 2:02 | Create | Villager (Male) |
| 2:02 | Create | Villager (Male) |
| 2:27 | Build | House |
| 2:31 | Build | House |
| 3:00 | Create | Villager (Male) |
| 3:01 | Create | Villager (Male) |
| 4:12 | Build | Lumber Camp |
| 4:16 | Create | Villager (Male) |
| 4:16 | Create | Villager (Male) |
| 4:52 | Create | Villager (Male) |
| 4:55 | Create | Villager (Male) |
| 4:56 | Create | Villager (Male) |
| 6:00 | Create | Villager (Male) |
| 6:33 | Create | Villager (Male) |
| 7:01 | Build | Mining Camp |
| 7:11 | Create | Villager (Male) |
| 7:31 | Create | Villager (Male) |
| 7:57 | Create | Villager (Male) |
| 8:17 | Create | Villager (Male) |
| 8:43 | Create | Villager (Male) |
| 8:50 | Research | Feudal Age |
| 9:20 | Build | Mill |
| 10:11 | Build | Barracks |
| 10:21 | Create | Villager (Male) |
| 10:21 | Create | Villager (Male) |
| 10:30 | Build | Farm |
| 10:35 | Build | Farm |
| 10:39 | Build | Farm |
| 10:46 | Build | Farm |
| 10:56 | Age | Feudal Age |
| 11:15 | Build | Blacksmith |
| 11:36 | Create | Villager (Male) |
| 11:47 | Build | Farm |
| 11:56 | Build | Farm |
| 12:02 | Build | Farm |
| 12:10 | Build | Farm |
| 12:14 | Build | Farm |
| 12:16 | Build | Farm |
| 12:21 | Create | Villager (Male) |
| 12:22 | Create | Villager (Male) |
| 12:59 | Create | Villager (Male) |
| 13:18 | Build | Farm |
| 13:22 | Create | Villager (Male) |
| 13:42 | Build | Archery Range |
| 13:54 | Build | Archery Range |
| 14:06 | Build | Farm |
| 14:11 | Create | Villager (Male) |
| 14:34 | Build | Farm |
| 14:43 | Build | Farm |
| 14:50 | Create | Villager (Male) |
| 15:06 | Build | House |
| 15:08 | Build | House |
| 15:10 | Build | House |
| 15:13 | Build | House |
| 15:59 | Create | Villager (Male) |
| 16:43 | Research | Castle Age |
| 17:04 | Build | Mining Camp |
| 17:34 | Build | Palisade Wall |
| 17:41 | Build | Palisade Gate |
| 17:50 | Create | Villager (Male) |
| 17:51 | Create | Villager (Male) |
| 17:58 | Research | Forging |
| 18:38 | Build | Palisade Wall |
| 19:04 | Build | Palisade Wall |
| 19:09 | Age | Castle Age |
| 19:24 | Research | Iron Casting |
| 19:55 | Build | Town Center |
| 20:02 | Create | Villager (Male) |
| 20:02 | Create | Villager (Male) |
| 21:01 | Build | Market |
| 21:55 | Build | Watch Tower |
| 22:34 | Create | Villager (Male) |
| 22:34 | Create | Villager (Male) |
| 22:35 | Create | Villager (Male) |
| 22:41 | Build | Farm |
| 22:50 | Build | Watch Tower |
| 23:19 | Create | Villager (Male) |
| 23:20 | Create | Villager (Male) |
| 23:20 | Create | Villager (Male) |
| 23:20 | Create | Villager (Male) |
| 23:21 | Create | Villager (Male) |
| 23:21 | Create | Villager (Male) |
| 23:21 | Create | Villager (Male) |
| 24:03 | Create | Spearman |
| 24:04 | Create | Spearman |
| 24:04 | Create | Spearman |
| 24:04 | Create | Spearman |
| 24:26 | Build | Farm |
| 24:29 | Create | Villager (Male) |
| 24:30 | Create | Villager (Male) |
| 24:30 | Create | Villager (Male) |
| 24:55 | Build | Palisade Wall |
| 25:31 | Build | Farm |
| 26:08 | Build | Farm |
| 26:16 | Build | Farm |
| 26:43 | Create | Villager (Male) |
| 26:44 | Create | Villager (Male) |
| 26:44 | Create | Villager (Male) |
| 26:44 | Create | Villager (Male) |
| 26:44 | Create | Villager (Male) |
| 26:58 | Build | Watch Tower |
| 27:31 | Research | Stone Mining |
| 27:36 | Research | Scale Mail Armor |
| 27:36 | Research | Fletching |
| 27:37 | Research | Padded Archer Armor |
| 27:38 | Research | Scale Barding Armor |
| 27:50 | Build | Farm |
| 28:01 | Create | Villager (Male) |
| 28:02 | Create | Villager (Male) |
| 28:02 | Create | Villager (Male) |
| 28:02 | Create | Villager (Male) |
| 28:37 | Build | Farm |
| 28:47 | Create | Villager (Male) |
| 28:47 | Create | Villager (Male) |
| 28:48 | Create | Villager (Male) |
| 28:48 | Create | Villager (Male) |
| 28:48 | Create | Villager (Male) |
| 29:17 | Research | Loom |
| 29:19 | Research | Town Watch |
| 29:22 | Create | Villager (Male) |
| 29:22 | Create | Villager (Male) |
| 29:22 | Create | Villager (Male) |
| 29:22 | Create | Villager (Male) |
| 29:43 | Build | Lumber Camp |
| 30:04 | Build | Farm |
| 30:06 | Build | Farm |
| 30:16 | Create | Villager (Male) |
| 30:16 | Create | Villager (Male) |
| 30:16 | Create | Villager (Male) |
| 30:21 | Create | Villager (Male) |
| 30:22 | Create | Villager (Male) |
| 30:46 | Research | Gold Mining |
| 30:55 | Build | Farm |
| 31:12 | Build | Farm |
| 31:29 | Build | Farm |
| 31:36 | Build | Farm |
| 31:40 | Create | Villager (Male) |
| 31:41 | Create | Villager (Male) |
| 31:41 | Create | Villager (Male) |
| 31:41 | Create | Villager (Male) |
| 31:42 | Create | Villager (Male) |
| 31:42 | Create | Villager (Male) |
| 31:42 | Create | Villager (Male) |
| 32:07 | Build | House |
Match timeline
| 8:58 | estebanpa · first_building Barracks |
| 9:14 | juanborekquirozk · first_building Barracks |
| 10:11 | quirozzolezzi · first_building Barracks |
| 10:32 | estebanpa · age_up feudal |
| 10:52 | juanborekquirozk · age_up feudal |
| 10:56 | quirozzolezzi · age_up feudal |
| 11:12 | estebanpa · first_building Stable |
| 13:42 | juanborekquirozk · first_building Stable |
| 13:42 | quirozzolezzi · first_building Archery Range |
| 13:47 | NDF · first_building Barracks |
| 13:53 | NDF · age_up feudal |
| 14:48 | NDF · first_building Stable |
| 15:21 | juanborekquirozk · first_building Archery Range |
| 16:27 | juanborekquirozk · wall_segment Palisade Wall x1 |
| 17:34 | quirozzolezzi · wall_segment Palisade Wall x13 |
| 18:24 | juanborekquirozk · wall_segment Palisade Wall x1 |
| 18:38 | quirozzolezzi · wall_segment Palisade Wall x28 |
| 19:04 | quirozzolezzi · wall_segment Palisade Wall x12 |
| 19:09 | quirozzolezzi · age_up castle |
| 19:32 | juanborekquirozk · wall_segment Palisade Wall x12 |
| 19:49 | juanborekquirozk · wall_segment Palisade Wall x1 |
| 19:49 | NDF · first_market_buy 100 food |
| 22:52 | juanborekquirozk · age_up castle |
| 23:06 | juanborekquirozk · first_building Castle |
| 23:27 | NDF · age_up castle |
| 24:55 | quirozzolezzi · wall_segment Palisade Wall x3 |
| 26:23 | NDF · first_building Castle |
| 26:56 | estebanpa · age_up castle |
| 28:03 | NDF · first_building Monastery |
| 28:38 | estebanpa · first_building Castle |
| 29:44 | estebanpa · first_building Siege Workshop |
| 30:39 | NDF · tribute_sent a jugador 1 |
| 30:39 | NDF · tribute_sent a jugador 3 |
| 30:39 | NDF · tribute_sent a jugador 4 |
| 31:29 | NDF · first_building Siege Workshop |
| 33:56 | NDF · tribute_sent a jugador 1 |
| 33:56 | NDF · tribute_sent a jugador 3 |
| 33:56 | NDF · tribute_sent a jugador 4 |
| 34:16 | estebanpa · age_up imperial |
| 35:33 | quirozzolezzi · first_building Castle |
| 38:49 | quirozzolezzi · first_building Stable |
| 39:23 | NDF · age_up imperial |
| 40:23 | juanborekquirozk · resign |
| 40:48 | quirozzolezzi · first_building Monastery |
| 41:53 | quirozzolezzi · wall_segment Palisade Wall x13 |
| 42:06 | quirozzolezzi · wall_segment Palisade Wall x13 |
| 44:17 | estebanpa · first_building Monastery |
[ AI ANALYSIS · 1 CREDIT ]
What really happened in this match?
Wolo.gg analyzes every decision: build order, eco, micro, common mistakes by bracket. Personalized analysis on WhatsApp or Discord in 30 seconds.
Civ guide
Spanish
Perfil
Jugador #25108731